cohdb
Replays
Latest Replays
All Replays
Popular Replays
Top Player Replays
Match Explorer
How It Works
Community
CoH3 Stats
Reddit
Sign in to upload your games and track your stats! →
Sign in with Steam
Match 42473117
Unlisted
Match 42473117
Overview
Messages
Build Orders
End
Construct Infanterie Kompanie
Selects Terror Battlegroup
Selects Machine Gun Camouflage
MG 42 Machine Gun Team
Kettenkrad Recon Vehicle
Grenadier Squad
Grenadier Squad
Grenadier Squad
MG 42 Machine Gun Team
Construct Panzergrenadier Kompanie
Pak 40 Anti-tank Gun Team
251 Medium Carrier
Support Elements
Infanterie Officer Quarters
Pioneer Squad
Selects Defend the Fatherland
Construct Panzer Kompanie
Panzer IV Medium Tank
Nebelwerfer 42 Rocket Launcher Team
Nebelwerfer 42 Rocket Launcher Team
Selects King Tiger Heavy Tank
King Tiger Heavy Tank
mr.Brookerr
Uralvagonzavod
Orsted
Der_Therapeut
Kylen
runningDuck
0
0
Comments
sign in to comment!
No comments posted yet!